 Dungeon Crawl Stone Soup version 0.24-a0-365-ga4d96b6e6e (webtiles) character file.

Game seed: 8032679288087739073

830951 theanonym the Bringer of Light (level 27, -14/269 HPs)
             Began as a Hill Orc Berserker on May 26, 2019.
             Was the Champion of the Shining One.
             Demolished by a stone giant (33 damage)
             ... created by the rage of Trog
             ... in Pandemonium on May 27, 2019.
             The game lasted 02:30:59 (68505 turns).

theanonym the Bringer of Light (HOBe)              Turns: 68505, Time: 02:31:00

Health: -14/269    AC: 45    Str: 29      XL:     27
Magic:  28/40      EV: 19    Int: 16 (17) God:    the Shining One [******]
Gold:   2915       SH: 16    Dex: 13      Spells: 6/26 levels left

rFire    + + +     SeeInvis +   a - +9 executioner's axe (holy)
rCold    + + .     Gourm    .   (shield currently unavailable)
rNeg     + + +     Faith    .   z - +3 gold dragon scales
rPois    +         Spirit   .   I - +2 helmet of the Unseen Realm {rN+ SInv}
rElec    +         Reflect  .   X - scarf {rC+ rF+}
rCorr    .         Harm     .   K - +3 pair of gloves "Susadameo" {Regen+ Int+5 Slay-4}
MR       +++..                  J - +2 pair of boots
Stlth    ..........             L - amulet "Mukkaez" {rN+ MR+ Regen+ Str+2}
HPRegen  1.34/turn              k - ring "Xubag" {rElec rF+ Int+3 Dex+3 Stlth-}
MPRegen  0.27/turn              G - ring "Cuefaac" {rF++ AC+3 Str+2}

@: divine shield, glowing, studying 2 skills, very slow
A: blurry vision 1, deterioration 1, dopey 1, weak 2
}: 7/15 runes: decaying, silver, abyssal, demonic, fiery, dark, gossamer
a: Divine Shield, Cleansing Flame, Summon Divine Warrior, Renounce Religion


Innate Abilities, Weirdness & Mutations

Scrolls take you a little longer to read.
Your body sometimes deteriorates upon taking damage.
You are dopey. (Int -2)
You are very weak. (Str -4)


   Skills:
 - Level 26.0 Fighting
 - Level 26.0 Axes
 - Level 26.0 Armour
 - Level 24.0 Dodging
 + Level 26.6 Invocations


You had 6 spell levels left.
You knew the following spells:

 Your Spells              Type           Power        Failure   Level  Hunger
a - Spectral Weapon       Hex/Chrm       #.......     99%         3    ####...
e - Lesser Beckoning      Tloc           #.........   99%         3    ####...
l - Blink                 Tloc           N/A          93%         2    ###....
q - Apportation           Tloc           #.....       83%         1    ##.....
t - Deflect Missiles      Chrm/Air       #.........   100%        6    #######
x - Aura of Abjuration    Summ           #.........   100%        5    ######.

Your spell library contained the following spells:

 Spells                   Type           Power        Failure   Level  Hunger
 Animate Skeleton         Necr           N/A          83%         1    ##.....
 Beastly Appendage        Tmut           #.....       83%         1    ##.....
 Confusing Touch          Hex            #.....       83%         1    ##.....
 Corona                   Hex            #......      83%         1    ##.....
 Flame Tongue             Conj/Fire      #....        83%         1    ##.....
 Freeze                   Ice            #...         83%         1    ##.....
 Infusion                 Chrm           #...         83%         1    ##.....
 Magic Dart               Conj           #...         83%         1    ##.....
 Pain                     Necr           #...         83%         1    ##.....
 Sandblast                Erth           #.....       83%         1    ##.....
 Shock                    Conj/Air       #...         83%         1    ##.....
 Sting                    Conj/Pois      #...         83%         1    ##.....
 Summon Small Mammal      Summ           #...         83%         1    ##.....
 Call Imp                 Summ           #.......     93%         2    ###....
 Corpse Rot               Necr           N/A          93%         2    ###....
 Ensorcelled Hibernation  Hex/Ice        #.....       93%         2    ###....
 Passwall                 Tmut/Erth      #.......     93%         2    ###....
 Poisonous Vapours        Pois/Air       #.....       93%         2    ###....
 Shroud of Golubria       Chrm/Tloc      #.........   93%         2    ###....
 Slow                     Hex            #.......     93%         2    ###....
 Sticks to Snakes         Tmut           #.......     93%         2    ###....
 Sublimation of Blood     Necr           #.........   93%         2    ###....
 Swiftness                Chrm/Air       #.......     93%         2    ###....
 Throw Frost              Conj/Ice       #.....       93%         2    ###....
 Call Canine Familiar     Summ           #.......     99%         3    ####...
 Confuse                  Hex            #.......     99%         3    ####...
 Conjure Flame            Conj/Fire      #.......     99%         3    ####...
 Dazzling Spray           Conj/Hex       #.....       99%         3    ####...
 Gell's Gravitas          Tloc           #.........   99%         3    ####...
 Ignite Poison            Fire/Tmut/Pois #.......     99%         3    ####...
 Mephitic Cloud           Conj/Pois/Air  #.......     99%         3    ####...
 Ozocubu's Armour         Chrm/Ice       #.......     99%         3    ####...
 Recall                   Summ/Tloc      N/A          99%         3    ####...
 Regeneration             Chrm/Necr      #.........   99%         3    ####...
 Spider Form              Tmut/Pois      #.........   99%         3    ####...
 Static Discharge         Conj/Air       #.......     99%         3    ####...
 Stone Arrow              Conj/Erth      #.....       99%         3    ####...
 Tukima's Dance           Hex            #.......     99%         3    ####...
 Vampiric Draining        Necr           #.........   99%         3    ####...
 Airstrike                Air            #.........   100%        4    #####..
 Animate Dead             Necr           N/A          100%        4    #####..
 Cause Fear               Hex            #.........   100%        4    #####..
 Fulminant Prism          Conj/Hex       #.........   100%        4    #####..
 Ice Form                 Ice/Tmut       #.......     100%        4    #####..
 Leda's Liquefaction      Hex/Erth       #.........   100%        4    #####..
 Olgreb's Toxic Radiance  Pois           #.......     100%        4    #####..
 Petrify                  Tmut/Erth      #.......     100%        4    #####..
 Summon Ice Beast         Ice/Summ       #.......     100%        4    #####..
 Summon Lightning Spire   Summ/Air       #.......     100%        4    #####..
 Throw Icicle             Conj/Ice       #.......     100%        4    #####..
 Agony                    Necr           #.......     100%        5    ######.
 Blade Hands              Tmut           #.........   100%        5    ######.
 Bolt of Draining         Conj/Necr      #.........   100%        5    ######.
 Bolt of Magma            Conj/Fire/Erth #.........   100%        5    ######.
 Borgnjor's Vile Clutch   Necr/Erth      #.........   100%        5    ######.
 Dispel Undead            Necr           #.......     100%        5    ######.
 Excruciating Wounds      Chrm/Necr      #.........   100%        5    ######.
 Fireball                 Conj/Fire      #.........   100%        5    ######.
 Iskenderun's Battlesphe  Conj/Chrm      #.......     100%        5    ######.
 Lee's Rapid Deconstruct  Erth           #.........   100%        5    ######.
 Lightning Bolt           Conj/Air       #.........   100%        5    ######.
 Metabolic Englaciation   Hex/Ice        #.........   100%        5    ######.
 Silence                  Hex/Air        #.........   100%        5    ######.
 Summon Demon             Summ           #.........   100%        5    ######.
 Summon Forest            Summ/Tloc      #.........   100%        5    ######.
 Venom Bolt               Conj/Pois      #.........   100%        5    ######.
 Yara's Violent Unravell  Hex/Tmut       #.........   100%        5    ######.
 Bolt of Cold             Conj/Ice       #.........   100%        6    #######
 Bolt of Fire             Conj/Fire      #.........   100%        6    #######
 Conjure Ball Lightning   Conj/Air       #.........   100%        6    #######
 Death Channel            Necr           #.........   100%        6    #######
 Freezing Cloud           Conj/Ice/Air   #.........   100%        6    #######
 Iron Shot                Conj/Erth      #.........   100%        6    #######
 Ozocubu's Refrigeration  Ice            #.........   100%        6    #######
 Simulacrum               Ice/Necr       #.........   100%        6    #######
 Statue Form              Tmut/Erth      #........    100%        6    #######
 Dragon Form              Tmut           #.........   100%        7    #######
 Haunt                    Necr/Summ      #.........   100%        7    #######
 Orb of Destruction       Conj           #.........   100%        7    #######
 Ring of Flames           Chrm/Fire      #.........   100%        7    #######
 Spellforged Servitor     Conj/Summ      #.........   100%        7    #######
 Borgnjor's Revivificati  Necr           #.........   100%        8    #######
 Death's Door             Chrm/Necr      #.........   100%        8    #######
 Ignition                 Fire           #.........   100%        8    #######
 Infestation              Necr           #.........   100%        8    #######
 Necromutation            Tmut/Necr      #.........   100%        8    #######
 Dragon's Call            Summ           #.........   100%        9    #######
 Shatter                  Erth           #.........   100%        9    #######
 Tornado                  Air            #.........   100%        9    #######

Skill      XL: |  1  2  3  4  5  6  7  8  9 10 11 12 13 14 15 16 17 18 19 20 21 22 23 24 25 26 27 |
---------------+----------------------------------------------------------------------------------+-----
Fighting       | 4 5 6 7 9 10 11 13 14 15 16 17 18 19 20 21 22 24 25 26 | 26.0
Axes           | 5 6 7 9 10 12 15 16 18 20 21 22 23 25 26 | 26.0
Armour         | 3 4 5 6 7 9 10 11 12 14 15 16 17 18 19 20 21 22 24 26 | 26.0
Dodging        | 3 5 6 8 10 12 14 15 17 18 19 24 | 24.0
Invocations    | 26 | 26.6

Action                   |  1- 3 |  4- 6 |  7- 9 | 10-12 | 13-15 | 16-18 | 19-21 | 22-24 | 25-27 || total
-------------------------+-------+-------+-------+-------+-------+-------+-------+-------+-------++-------
Melee: Hand axe          |    89 |   219 |   272 |       |       |       |       |       |       ||   580
       War axe           |       |       |   119 |   240 |       |       |       |       |       ||   359
       Battleaxe         |       |       |       |   344 |   476 |       |       |       |       ||   820
       Executioner's axe |       |       |       |       |   545 |  1090 |   960 |  1133 |  2887 ||  6615
       Unarmed           |       |       |       |       |       |       |       |       |     1 ||     1
Throw: Throwing net      |       |       |       |       |       |       |       |       |     1 ||     1
Invok: Berserk           |     4 |     5 |     6 |     9 |    15 |    14 |     8 |     4 |    11 ||    76
       Trog's Hand       |       |       |       |     4 |     5 |    10 |     5 |    15 |    36 ||    75
       Brothers in Arms  |       |       |       |       |       |       |       |       |     1 ||     1
       Cleansing Flame   |       |       |       |       |       |       |       |       |    32 ||    32
       Divine Shield     |       |       |       |       |       |       |       |       |    12 ||    12
       Summon Divine War |       |       |       |       |       |       |       |       |     3 ||     3
       Brand Weapon With |       |       |       |       |       |       |       |       |     1 ||     1
Evoke: Wand              |       |       |       |     2 |     2 |    13 |     2 |     2 |     3 ||    24
       Box of beasts     |       |       |       |       |     1 |       |       |       |       ||     1
       Phial of floods   |       |       |       |       |       |     1 |       |       |     1 ||     2
  Use: Potion            |     2 |       |     1 |     5 |       |    13 |     6 |     2 |    24 ||    53
       Scroll            |       |     9 |     6 |    13 |    22 |    18 |     6 |    10 |    26 ||   110
 Stab: Sleeping          |     1 |       |       |       |       |       |       |       |       ||     1
       Invisible         |       |       |       |     4 |       |       |       |       |    19 ||    23
       Petrified         |       |       |       |       |     2 |       |       |       |       ||     2
       Confused          |       |       |       |       |       |     1 |       |       |       ||     1
       Distracted        |       |       |       |       |       |       |     2 |       |     3 ||     5
  Eat: Chunk             |     3 |    14 |    10 |    24 |    50 |    22 |    27 |    20 |    17 ||   187
       Ration            |       |       |     2 |     1 |       |    10 |     3 |     7 |    21 ||    44
Armor: Animal skin       |    21 |     2 |       |       |       |       |       |       |       ||    23
       Scale mail        |       |    24 |       |       |       |       |       |       |       ||    24
       Ring mail         |       |     5 |       |       |       |       |       |       |       ||     5
       Plate armour      |       |    21 |   160 |   401 |   688 |   444 |   466 |   530 |   188 ||  2898
       Skin              |       |       |     3 |       |       |       |       |       |       ||     3
       Chain mail        |       |       |       |       |       |   630 |       |       |       ||   630
       Gold dragon scale |       |       |       |       |       |       |       |       |  1686 ||  1686
Dodge: Dodged            |    66 |    64 |    20 |   145 |   362 |  1025 |   450 |   721 |  2117 ||  4970
Block: Large shield      |       |    98 |   240 |   178 |       |       |       |       |       ||   516
       Other             |       |       |       |       |       |       |       |       |   206 ||   206

Inventory:

Hand Weapons
 a - a +9 executioner's axe of holy wrath (weapon)
 b - a +9 executioner's axe of electrocution
Armour
 z - +3 gold dragon scales (worn)
 H - the +1 cloak of the Sea {Str+2 Int+3}

   It affects your strength (+2).
   It affects your intelligence (+3).
 I - the +2 helmet of the Unseen Realm (worn) {rN+ SInv}

   It protects you from negative energy.
   It lets you see invisible.
 J - a +2 pair of boots (worn)
 K - the +3 pair of gloves "Susadameo" (worn) {Regen+ Int+5 Slay-4}

   It affects your intelligence (+5).
   It affects your accuracy and damage with ranged weapons and melee attacks
   (-4).
   It increases your rate of regeneration.
 X - a scarf of resistance (worn)
Jewellery
 g - the ring "Doimuplusa" {Fire rElec rPois MP-9 SInv}

   [ring of fire]

   It enhances your fire magic.
   It protects you from fire.
   It makes you vulnerable to cold.
   It insulates you from electricity.
   It protects you from poison.
   It affects your magic capacity (-9).
   It lets you see invisible.
 k - the ring "Xubag" (left hand) {rElec rF+ Int+3 Dex+3 Stlth-}

   [ring of attention]

   It affects your intelligence (+3).
   It affects your dexterity (+3).
   It protects you from fire.
   It insulates you from electricity.
   It makes you less stealthy.
 u - an uncursed ring of wizardry
 E - the ring of Dygebeet {rElec rF+ rC- Int+3 Dex+4}

   [ring of protection from fire]

   It affects your intelligence (+3).
   It affects your dexterity (+4).
   It protects you from fire.
   It makes you vulnerable to cold.
   It insulates you from electricity.
 G - the ring "Cuefaac" (right hand) {rF++ AC+3 Str+2}

   [ring of protection]

   It affects your AC (+3).
   It affects your strength (+2).
   It greatly protects you from fire.
 L - the amulet "Mukkaez" (around neck) {rN+ MR+ Regen+ Str+2}

   [amulet of regeneration]

   It affects your strength (+2).
   It protects you from negative energy.
   It affects your resistance to hostile enchantments.
   It increases your rate of regeneration.
 O - an uncursed ring of resist corrosion
 Q - the ring "Onko" {rPois rN+ MR- Int+6}

   [ring of positive energy]

   It affects your intelligence (+6).
   It protects you from poison.
   It protects you from negative energy.
   It affects your resistance to hostile enchantments.
Wands
 d - a wand of digging (10)
 v - a wand of acid (41)
Scrolls
 f - 7 scrolls of fog
 i - 2 scrolls of holy word
 n - 26 scrolls of remove curse
 r - 21 scrolls of identify
 s - a scroll of summoning
 t - 14 scrolls of teleportation {!r}
 y - 4 scrolls of magic mapping
 B - 4 scrolls of blinking
 C - 3 scrolls of enchant armour
 N - 3 scrolls of silence
 P - 6 scrolls of immolation
Potions
 h - 6 potions of haste
 j - 3 potions of agility
 l - 4 potions of mutation
 m - a potion of might
 p - 4 potions of berserk rage
 q - 5 potions of heal wounds
 w - 21 potions of curing
 D - 6 potions of ambrosia
 F - a potion of cancellation
 M - 3 potions of lignification
 S - 2 potions of invisibility
 T - 6 potions of flight
 U - 7 potions of magic
 W - 6 potions of resistance
Books
 c - a manual of Charms
 x - a manual of Slings
Miscellaneous
 A - a lamp of fire
 V - 4 phantom mirrors
 Y - a phial of floods (inert)
Comestibles
 e - 64 rations You were in Pandemonium. You worshipped the Shining One. The Shining One was exalted by your worship. You were not hungry. You visited 10 branches of the dungeon, and saw 51 of its levels. You visited Pandemonium 3 times, and saw 11 of its levels. You visited the Abyss 2 times. You also visited: Ossuary and Ice Cave. You collected 7076 gold pieces. You spent 4161 gold pieces at shops.

Dungeon Overview and Level Annotations

Branches:
Dungeon (15/15)            Temple (0/1) D:5            Lair (6/6) D:11
  Swamp (4/4) Lair:3       Spider (4/4) Lair:3        Slime (0/5) Lair:5
    Orc (2/2) D:12            Elf (3/3) Orc:2        Vaults (5/5) D:14
  Crypt (3/3) Vaults:3       Tomb (0/3) Crypt:3      Depths (5/5) D:15
    Zot (4/5) Depths:5

Altars:
Dithmenos
Elyvilon
Fedhas
Gozag
Hepliaklqana
Kikubaaqudgha
Okawaru
Qazlal
Uskayaw
Vehumet
Wu Jian
Zin
The Shining One
Beogh
Jiyva

Shops:
D:5 *   D:12 *   D:15 %   Orc:2 (=(?   Elf:1 *   Elf:2 [   Vaults:1 !
Vaults:2 !   Vaults:5 (

Portals:
Hell: Depths:1 Depths:2 Depths:3 Depths:4 Depths:5
Abyss: Depths:2 Depths:4
Pandemonium: Depths:1 Depths:2 Depths:3
Ziggurat: Depths:5
Trove: Depths:1 (give +2 storm dragon scales)

Annotations:
Lair:3 exclusion: oklob plant
Elf:3 1 exclusion
Depths:5 exclusions: lindwurm and 1 more exclusion

########################
.....≈CCC...............
.....≈T@..............).
########≈C########..#####
.......#E.#......'..#....
....).#..#......#..#.... ..
.....#..#......#..'....
..####...#..#....$.#..#....
.#..#...#..#......#..#....
'..#..)#..'......#..#....
#..
#..#...'..########..#....


You could see an iron troll (berserk), 4 stone giants and a friendly water
elemental.

Notes
Turn   | Place    | Note
-------+----------+-------------------------------------------
     0 | D:1      | theanonym the Hill Orc Berserker began the quest for the
                  | Orb.
     0 | D:1      | Reached XP level 1. HP: 19/19 MP: 1/1
   121 | D:1      | Reached XP level 2. HP: 20/27 MP: 2/2
   273 | D:1      | Reached skill level 4 in Fighting
   277 | D:1      | HP: 13/27 [poisoned by a kobold]
   282 | D:1      | HP: 12/40 [poisoned by a kobold]
   287 | D:1      | HP: 8/40 [poisoned by a kobold]
   292 | D:1      | HP: 5/40 [poisoned by a kobold]
   478 | D:1      | Reached XP level 3. HP: 33/33 MP: 3/3
   479 | D:1      | HP: 24/49 [goblin (3)]
   485 | D:1      | HP: 22/49 [kobold (2)]
   700 | D:1      | Reached skill level 5 in Axes
   700 | D:1      | Reached ** piety under Trog
   768 | D:1      | You fall into a shaft and drop 1 floor!
   815 | D:2      | HP: 16/33 [poisoned by an adder]
   822 | D:2      | HP: 15/33 [poisoned by an adder]
   830 | D:2      | HP: 14/33 [poisoned by an adder]
  1275 | D:2      | Reached XP level 4. HP: 37/40 MP: 4/4
  1276 | D:2      | Reached skill level 3 in Armour
  1498 | D:2      | HP: 20/41 [poisoned by an adder]
  1503 | D:2      | HP: 19/41 [bat (1)]
  1511 | D:2      | HP: 17/41 [bat (1)]
  1827 | D:2      | HP: 28/61 [gnoll/+0 halberd (14)]
  1828 | D:2      | Reached skill level 6 in Axes
  1828 | D:2      | Reached XP level 5. HP: 33/47 MP: 5/5
  2556 | D:3      | Found an ornate altar of the Wu Jian Council.
  2979 | D:3      | Reached *** piety under Trog
  2984 | D:3      | HP: 23/47 [poisoned by an adder]
  2989 | D:3      | HP: 22/47 [poisoned by an adder]
  2996 | D:3      | HP: 21/47 [poisoned by an adder]
  3004 | D:3      | HP: 20/47 [poisoned by an adder]
  3196 | D:3      | Reached skill level 5 in Fighting
  3196 | D:3      | Reached XP level 6. HP: 56/56 MP: 6/6
  3890 | D:4      | Reached skill level 7 in Axes
  3890 | D:4      | Reached skill level 4 in Armour
  3908 | D:4      | HP: 28/56 [poisoned by a worker ant]
  3916 | D:4      | HP: 28/56 [poisoned by a worker ant]
  3924 | D:4      | HP: 27/56 [poisoned by a worker ant]
  4093 | D:4      | Noticed a phantom
  4102 | D:4      | Killed a phantom
  4378 | D:4      | Reached XP level 7. HP: 55/61 MP: 7/7
  4508 | D:4      | Found a blossoming altar of Fedhas.
  4511 | D:4      | Found an ancient bone altar of Kikubaaqudgha.
  4600 | D:4      | Found a shadowy altar of Dithmenos.
  4616 | D:4      | Reached skill level 8 in Axes
  4765 | D:5      | Entered Level 5 of the Dungeon
  4863 | D:5      | Found a staircase to the Ecumenical Temple.
  4971 | D:5      | Reached skill level 6 in Fighting
  4980 | D:5      | Reached skill level 5 in Armour
  4986 | D:5      | Reached skill level 9 in Axes
  5050 | D:5      | Found Modimmec's Elemental Accessories.
  5064 | D:5      | Found a runed translucent gate.
  5064 | D:5      | Found a runed translucent gate.
  5065 | D:5      | Found a runed translucent gate.
  5065 | D:5      | Noticed kaladindcss's ghost (novice GrMo)
  5134 | D:5      | Reached XP level 8. HP: 60/71 MP: 8/8
  5317 | D:5      | Found an iron altar of Okawaru.
  5578 | D:6      | You fall into a shaft and drop 1 floor!
  5589 | D:7      | Noticed Harold
  5604 | D:7      | Killed Harold
  5604 | D:7      | Reached **** piety under Trog
  5604 | D:7      | Reached skill level 7 in Fighting
  5604 | D:7      | Reached skill level 10 in Axes
  5604 | D:7      | Reached skill level 6 in Armour
  5640 | D:7      | Noticed Dowan
  5641 | D:7      | Reached XP level 9. HP: 79/79 MP: 9/9
  5642 | D:7      | Noticed Duvessa
  5666 | D:7      | Reached skill level 11 in Axes
  5921 | D:6      | Reached skill level 8 in Fighting
  5946 | D:6      | Reached skill level 7 in Armour
  6786 | D:7      | Reached skill level 12 in Axes
  6959 | D:7      | Found a hazy altar of Hepliaklqana.
  7085 | D:7      | Killed Dowan
  7098 | D:7      | Killed Duvessa
  7165 | D:7      | Found a glowing golden altar of the Shining One.
  7284 | D:7      | Reached skill level 9 in Fighting
  7284 | D:7      | Reached XP level 10. HP: 90/91 MP: 10/10
  7605 | D:8      | Found a sand-covered staircase.
  7619 | Ossuary  | Entered an ossuary
  7887 | Ossuary  | Reached skill level 13 in Axes
  7887 | Ossuary  | Reached skill level 8 in Armour
  8165 | D:8      | Noticed a two-headed ogre
  8174 | D:8      | Killed a two-headed ogre
  8874 | D:9      | Reached skill level 14 in Axes
  8927 | D:9      | Found a hide-covered altar of Uskayaw.
  8991 | D:9      | Found a glowing silver altar of Zin.
  8991 | D:9      | Noticed an angel
  9389 | D:9      | Reached skill level 10 in Fighting
  9418 | D:8      | Reached skill level 9 in Armour
  9664 | D:10     | Entered Level 10 of the Dungeon
  9763 | D:10     | Found a runed translucent gate.
  9764 | D:10     | Found a runed translucent gate.
  9764 | D:10     | Noticed a kobold demonologist
  9765 | D:10     | Found a runed translucent gate.
  9765 | D:10     | Identified the +9 whip "Yrinatui" {drain, rC+ Str+4 SInv}
  9767 | D:10     | Noticed a kobold demonologist
  9769 | D:10     | Noticed Ijustatesigmund's ghost (journeyman OpFi)
  9789 | D:10     | Got a bloodstained war axe
  9790 | D:10     | Identified the +5 war axe of Peace {elec, *Contam +Rage
                  | rPois rN+} (You found it on level 10 of the Dungeon)
  9830 | D:10     | Killed an unseen horror
  9830 | D:10     | Reached skill level 15 in Axes
  9830 | D:10     | Reached XP level 11. HP: 99/101 MP: 11/11
  9920 | D:10     | You fall into a shaft and drop 2 floors!
  9948 | D:12     | Noticed a two-headed ogre
  9951 | D:12     | Noticed a two-headed ogre
  9952 | D:12     | Reached ***** piety under Trog
  9954 | D:12     | Killed a two-headed ogre
  9956 | D:12     | Killed a two-headed ogre
  9956 | D:12     | Reached skill level 11 in Fighting
  9958 | D:12     | Found a staircase to the Orcish Mines.
  9975 | D:12     | Noticed a cyclops
  9985 | D:12     | Killed a cyclops
  9985 | D:12     | Reached skill level 10 in Armour
 10066 | D:11     | Reached skill level 16 in Axes
 10072 | D:11     | Found a staircase to the Lair.
 10074 | D:11     | Received a gift from Trog
 10171 | D:11     | Noticed a white ugly thing
 10187 | D:11     | Killed a green ugly thing
 10319 | D:10     | Found a hazy altar of Hepliaklqana.
 10496 | D:10     | Noticed a two-headed ogre
 10504 | D:10     | Killed a two-headed ogre
 10532 | D:10     | Noticed a cyclops
 10543 | D:10     | Killed a cyclops
 10543 | D:10     | Reached XP level 12. HP: 108/111 MP: 12/12
 10580 | D:10     | Noticed a tengu warrior
 10596 | D:10     | Killed a tengu warrior
 10607 | D:10     | Reached skill level 17 in Axes
 10620 | D:10     | Reached skill level 12 in Fighting
 10635 | D:10     | Got a translucent glass ring
 10638 | D:10     | Got a fine lead ring
 10639 | D:10     | Identified the ring of Past Mistakes {+Fly MP+9} (You found
                  | it on level 10 of the Dungeon)
 10640 | D:10     | Identified the ring of Lohof {+Fly rF- Int+6} (You found it
                  | on level 10 of the Dungeon)
 11045 | D:11     | Noticed Sonja
 11055 | D:11     | Noticed Sonja
 11055 | D:11     | Sonja changed into Sonja the queen bee
 11065 | D:11     | HP: 46/112 [Sonja the queen bee (12)]
 11066 | D:11     | Killed Sonja the queen bee
 11066 | D:11     | Reached skill level 11 in Armour
 11070 | D:11     | HP: 40/112 [poisoned by Sonja]
 11075 | D:11     | HP: 41/112 [poisoned by Sonja]
 11080 | D:11     | HP: 46/112 [poisoned by Sonja]
 11085 | D:11     | HP: 47/112 [poisoned by Sonja]
 11090 | D:11     | HP: 49/112 [poisoned by Sonja]
 11096 | D:11     | HP: 53/112 [poisoned by Sonja]
 11466 | D:11     | HP: 68/168 [orc knight/+0 halberd (24)]
 11480 | D:11     | HP: 42/113 [wyvern (7)]
 11487 | D:11     | HP: 41/113 [something (3)]
 11491 | D:11     | HP: 16/113 [guardian serpent (11)]
 11662 | D:11     | Paralysed by a hornet for 2 turns
 11742 | Lair:1   | Entered Level 1 of the Lair of Beasts
 11752 | Lair:1   | Reached skill level 18 in Axes
 12007 | Lair:1   | You fall into a shaft and drop 1 floor!
 12481 | Lair:1   | Noticed Joseph
 12498 | Lair:1   | Killed Joseph
 12991 | Lair:2   | Reached skill level 13 in Fighting
 12991 | Lair:2   | Reached XP level 13. HP: 118/122 MP: 13/13
 13264 | Lair:2   | Received a gift from Trog
 13264 | Lair:2   | Reached skill level 12 in Armour
 13560 | Lair:2   | Noticed Gastronok
 13573 | Lair:2   | Killed Gastronok
 13740 | Lair:3   | Found a hole to the Spider Nest.
 13768 | Lair:3   | Found a staircase to the Swamp.
 13772 | Lair:3   | Reached skill level 19 in Axes
 14151 | Lair:3   | HP: 59/122 [/a scroll of torment (56)]
 16077 | Lair:5   | Received a gift from Trog
 16264 | Lair:5   | Found a runed translucent door.
 16264 | Lair:5   | Found a viscous altar of Jiyva.
 16267 | Lair:5   | Found a staircase to the Slime Pits.
 16388 | Lair:6   | Entered Level 6 of the Lair of Beasts
 16491 | Lair:6   | Noticed Kirke
 16501 | Lair:6   | Reached skill level 14 in Fighting
 16509 | Lair:6   | Killed Kirke
 16509 | Lair:6   | Reached skill level 20 in Axes
 16560 | Lair:6   | Reached XP level 14. HP: 104/132 MP: 14/14
 16564 | Lair:6   | Reached skill level 13 in Armour
 16769 | Lair:6   | HP: 62/133 [spriggan rider/+0 spear (9)]
 16776 | Lair:6   | HP: 56/133 [spriggan rider/+0 spear (12)]
 16782 | Lair:6   | HP: 51/133 [spriggan rider/+0 spear (12)]
 16783 | Lair:6   | Reached ****** piety under Trog
 16958 | Lair:6   | Paralysed by a hornet for 2 turns
 18003 | D:5      | Killed kaladindcss's ghost
 18158 | D:10     | Killed Ijustatesigmund's ghost
 18161 | D:10     | Received a gift from Trog
 18330 | Orc:1    | Entered Level 1 of the Orcish Mines
 18716 | Orc:1    | Reached skill level 15 in Fighting
 18901 | Orc:1    | Found a radiant altar of Vehumet.
 19056 | Orc:2    | Entered Level 2 of the Orcish Mines
 19071 | Orc:2    | Received a gift from Trog
 19159 | Orc:2    | Noticed Saint Roka
 19174 | Orc:2    | HP: 96/202 [Saint Roka/divine providence (14)]
 19180 | Orc:2    | HP: 74/202 [Saint Roka/+3 bardiche of protection (14)]
 19183 | Orc:2    | Killed Saint Roka
 19183 | Orc:2    | Reached skill level 21 in Axes
 19183 | Orc:2    | Reached skill level 14 in Armour
 19797 | Orc:2    | Found a roughly hewn altar of Beogh.
 19843 | Orc:2    | Paralysed by an orc sorcerer for 7 turns
 19862 | Orc:2    | HP: 86/202 [sun demon[an orc sorcerer] (18)]
 19872 | Orc:2    | HP: 73/202 [orc sorcerer/bolt of fire (18)]
 19877 | Orc:2    | Reached XP level 15. HP: 79/141 MP: 15/15
 20018 | Orc:2    | Found Coxkela's Antique Weapon Boutique.
 20032 | Orc:2    | Found Mexeconoac's Jewellery Shop.
 20043 | Orc:2    | Bought the ring "Xubag" {rElec rF+ Int+3 Dex+3 Stlth-} for
                  | 452 gold pieces
 20045 | Orc:2    | Bought a +4 ring of strength for 297 gold pieces
 20059 | Orc:2    | Noticed an orc warlord
 20065 | Orc:2    | Killed an orc warlord
 20381 | Orc:2    | Found a staircase to the Elven Halls.
 20485 | Orc:2    | Received a gift from Trog
 20495 | Orc:2    | Found Lovib's Weapon Shoppe.
 20604 | Orc:2    | Found a roughly hewn altar of Beogh.
 20607 | Orc:2    | Noticed an orc warlord
 20624 | Orc:2    | Killed an orc warlord
 20783 | Orc:2    | Found Foyvaoha's Magic Scroll Shop.
 20795 | Orc:2    | Reached skill level 22 in Axes
 20803 | Orc:2    | Bought a scroll of identify for 30 gold pieces
 20803 | Orc:2    | Bought 3 scrolls of identify for 90 gold pieces
 20803 | Orc:2    | Bought a scroll of identify for 30 gold pieces
 20803 | Orc:2    | Bought a scroll of teleportation for 45 gold pieces
 20803 | Orc:2    | Bought a scroll of summoning for 142 gold pieces
 20803 | Orc:2    | Bought a scroll of identify for 30 gold pieces
 21133 | D:12     | Found a blossoming altar of Fedhas.
 21236 | D:12     | Found Noimeree's Assorted Antiques.
 21287 | D:12     | Bought a silver wand for 92 gold pieces
 21287 | D:12     | Bought an opal ring for 115 gold pieces
 21287 | D:12     | Bought a scroll labeled TIENEA POSU for 23 gold pieces
 21493 | D:13     | Identified the cursed +0 ring mail of the Bagpipe {rF++}
 21607 | D:13     | Received a gift from Trog
 21706 | D:13     | Found an opulent altar of Gozag.
 21784 | D:13     | Reached skill level 16 in Fighting
 21947 | D:13     | Reached skill level 2 in Dodging
 22612 | D:14     | Reached skill level 3 in Dodging
 22624 | D:14     | Reached skill level 15 in Armour
 22641 | D:15     | Entered Level 15 of the Dungeon
 22718 | D:14     | Received a gift from Trog
 22962 | D:14     | Found a gate to the Vaults.
 23051 | D:15     | Found a stormy altar of Qazlal.
 23096 | D:15     | Reached XP level 16. HP: 142/152 MP: 16/16
 23151 | D:15     | HP: 74/152 [wolf spider simulacrum (9)]
 23157 | D:15     | HP: 33/152 [flayed ghost/flay_damage (12)]
 23161 | D:15     | HP: 14/152 [wolf spider simulacrum (7)]
 23161 | D:15     | HP: 4/152 [wolf spider simulacrum (10)]
 23428 | D:15     | Reached skill level 23 in Axes
 23430 | D:15     | Reached skill level 4 in Dodging
 23700 | D:15     | Found a staircase to the Depths.
 23723 | D:15     | HP: 56/152 [flayed ghost/flay_damage (22)]
 23728 | D:15     | HP: 83/228 [flayed ghost (5)]
 24087 | D:15     | Found Rol Yrgh's Food Shoppe.
 24363 | Swamp:1  | Entered Level 1 of the Swamp
 24817 | Swamp:1  | HP: 74/154 [12-headed hydra (4)]
 24822 | Swamp:1  | HP: 56/231 [13-headed hydra (1)]
 24823 | Swamp:1  | HP: 27/231 [13-headed hydra (4)]
 24824 | Swamp:1  | Received a gift from Trog
 25812 | Swamp:2  | Reached skill level 17 in Fighting
 26016 | Swamp:2  | Reached skill level 5 in Dodging
 26074 | Swamp:2  | Noticed Aizul
 26088 | Swamp:2  | Killed Aizul
 26095 | Swamp:2  | HP: 77/155 [poisoned by Aizul (poison arrow)]
 26100 | Swamp:2  | HP: 77/155 [poisoned by Aizul (poison arrow)]
 26105 | Swamp:2  | HP: 55/155 [poisoned by Aizul (poison arrow)]
 26110 | Swamp:2  | HP: 60/155 [poisoned by Aizul (poison arrow)]
 26116 | Swamp:2  | HP: 70/155 [poisoned by Aizul (poison arrow)]
 26121 | Swamp:2  | HP: 73/155 [poisoned by Aizul (poison arrow)]
 26703 | Swamp:3  | Received a gift from Trog
 27251 | Swamp:4  | Entered Level 4 of the Swamp
 27350 | Swamp:4  | Found a frozen archway.
 27359 | IceCv    | Entered an ice cave
 27432 | IceCv    | Reached XP level 17. HP: 140/161 MP: 17/17
 27616 | IceCv    | Reached skill level 24 in Axes
 27657 | IceCv    | Received a gift from Trog
 28019 | IceCv    | Got a faintly humming hat
 28022 | IceCv    | Identified the -5 hat of Rafinnei {rCorr Str+2 Dex+2 SInv}
                  | (You found it in an ice cave)
 28222 | Swamp:4  | HP: 80/162 [ice statue] (13)]
 28377 | Swamp:4  | Reached skill level 16 in Armour
 28396 | Swamp:4  | HP: 69/162 [thorn hunter/volley of thorns (40)]
 28400 | Swamp:4  | HP: 34/162 [thorn hunter/volley of thorns (10)]
 28407 | Swamp:4  | Noticed a tentacled monstrosity
 28417 | Swamp:4  | HP: 47/162 [tentacled monstrosity (2)]
 28420 | Swamp:4  | Killed a tentacled monstrosity
 28420 | Swamp:4  | Reached skill level 6 in Dodging
 28425 | Swamp:4  | HP: 36/162 [alligator (6)]
 28432 | Swamp:4  | HP: 41/162 [alligator (8)]
 28437 | Swamp:4  | HP: 66/243 [nine-headed hydra (1)]
 28477 | Swamp:4  | HP: 80/162 [eight-headed hydra (3)]
 28978 | Swamp:4  | Received a gift from Trog
 29251 | Swamp:4  | HP: 81/163 [ghost crab] (4)]
 29256 | Swamp:4  | HP: 66/163 [ghost crab (8)]
 29483 | Swamp:4  | Got a decaying rune of Zot
 29829 | Spider:1 | Entered Level 1 of the Spider Nest
 30000 | Spider:1 | Reached skill level 18 in Fighting
 30212 | Spider:1 | Reached skill level 25 in Axes
 30432 | Spider:2 | Received a gift from Trog
 30466 | Spider:2 | Noticed Nikola
 30482 | Spider:1 | HP: 77/163 [redback (9)]
 30484 | Spider:1 | Reached XP level 18. HP: 73/172 MP: 18/18
 30487 | Spider:1 | HP: 74/172 [poisoned by a redback]
 30492 | Spider:1 | HP: 77/172 [poisoned by a redback]
 30498 | Spider:1 | HP: 83/172 [poisoned by a redback]
 30614 | Spider:2 | Killed Nikola
 30625 | Spider:2 | HP: 85/172 [redback (12)]
 30630 | Spider:2 | HP: 56/172 [poisoned by a redback]
 30635 | Spider:1 | HP: 38/172 [poisoned by a redback]
 30640 | Spider:1 | HP: 35/172 [poisoned by a redback]
 30645 | Spider:1 | HP: 36/172 [poisoned by a redback]
 30652 | Spider:1 | HP: 38/172 [poisoned by a redback]
 30659 | Spider:1 | HP: 42/172 [poisoned by a redback]
 30667 | Spider:1 | HP: 46/172 [poisoned by a redback]
 31842 | Spider:3 | Found the amulet of the Four Winds {rN+ MR+++ Clar}
 31959 | Spider:3 | Reached skill level 17 in Armour
 32272 | Spider:4 | Entered Level 4 of the Spider Nest
 32343 | Spider:4 | Received a gift from Trog
 32909 | Spider:4 | Paralysed by a hornet for 3 turns
 32936 | Spider:4 | HP: 73/173 [disintegration (27)]
 32941 | Spider:4 | HP: 43/173 [poisoned by an emperor scorpion]
 32943 | Spider:4 | Reached skill level 26 in Axes
 32946 | Spider:4 | HP: 37/173 [poisoned by an emperor scorpion]
 32951 | Spider:4 | HP: 37/174 [poisoned by an emperor scorpion]
 32956 | Spider:4 | HP: 41/174 [poisoned by an emperor scorpion]
 32962 | Spider:4 | HP: 47/174 [poisoned by an emperor scorpion]
 32967 | Spider:4 | HP: 52/174 [poisoned by an emperor scorpion]
 32974 | Spider:4 | HP: 62/174 [poisoned by an emperor scorpion]
 32981 | Spider:4 | HP: 69/174 [poisoned by an emperor scorpion]
 33237 | Spider:4 | Reached skill level 19 in Fighting
 33337 | Spider:4 | HP: 88/176 [poisoned by a wolf spider]
 33343 | Spider:4 | HP: 88/176 [poisoned by a wolf spider]
 33348 | Spider:4 | HP: 88/176 [poisoned by a wolf spider]
 33426 | Spider:4 | Got a gossamer rune of Zot
 33800 | Elf:1    | Entered Level 1 of the Elven Halls
 33858 | Elf:1    | Found a radiant altar of Vehumet.
 33887 | Elf:1    | Found Aniovvo's Assorted Antiques.
 33892 | Elf:1    | Bought a tapered bone wand for 116 gold pieces
 33892 | Elf:1    | Bought a scroll of teleportation for 87 gold pieces
 33916 | Elf:1    | Received a gift from Trog
 33989 | Elf:1    | HP: 87/176 [deep elf archer/arrow (12)]
 34226 | Elf:1    | Identified the Reference Book on Dark Rituals
 34251 | Elf:1    | Got a glittering copper ring
 34608 | Elf:1    | Reached XP level 19. HP: 183/183 MP: 19/19
 35008 | Elf:1    | Identified the ring "Fiumiosm" {*Drain rPois rF+ Dex+2
                  | Slay+2} (You found it on level 1 of the Elven Halls)
 35130 | Elf:2    | Reached skill level 7 in Dodging
 35329 | Elf:2    | Reached skill level 18 in Armour
 35346 | Elf:2    | Found a runed translucent gate.
 35348 | Elf:2    | Found a runed translucent gate.
 35351 | Elf:2    | Found a runed translucent gate.
 35383 | Elf:2    | Found Xigirara's Antique Armour Shoppe.
 35401 | Elf:2    | Bought a shiny plate armour for 832 gold pieces
 35492 | Elf:2    | Received a gift from Trog
 36068 | Elf:2    | Reached skill level 8 in Dodging
 36276 | Elf:3    | Entered Level 3 of the Elven Halls
 36325 | Elf:3    | Reached skill level 20 in Fighting
 36380 | Elf:3    | Received a gift from Trog
 36440 | Elf:3    | HP: 85/185 [acid (13)]
 36445 | Elf:3    | HP: 89/185 [deep elf blademaster/+0 rapier (2)]
 36450 | Elf:3    | HP: 63/185 [deep elf annihilator/crystal spear (29)]
 36455 | Elf:3    | HP: 51/185 [deep elf sorcerer/bolt of acid (17)]
 36463 | Elf:3    | HP: 43/185 [deep elf blademaster/+0 rapier (6)]
 36476 | Elf:3    | HP: 74/185 [deep elf master archer/arrow (5)]
 36478 | Elf:3    | HP: 29/185 [deep elf master archer/arrow (15)]
 36484 | Elf:3    | HP: 48/277 [Executioner[a deep elf demonologist] (2)]
 36492 | Elf:3    | HP: 47/280 [deep elf mage/stone arrow (4)]
 36497 | Elf:3    | HP: 24/280 [burnt (1)]
 37381 | Elf:3    | Reached XP level 20. HP: 195/195 MP: 20/20
 37452 | Elf:3    | Identified the +1 leather armour "Pointah" {+Inv MP+9}
 37457 | Elf:3    | Reached skill level 9 in Dodging
 38187 | Elf:3    | Reached skill level 19 in Armour
 38267 | Elf:3    | Identified the ring of Dygebeet {rElec rF+ rC- Int+3 Dex+4}
 38341 | Elf:3    | Identified the Volume of Calling
 38700 | Vaults:1 | Entered Level 1 of the Vaults
 38768 | Vaults:1 | Received a gift from Trog
 39617 | Vaults:1 | Found Dej Cuxkaon's Distillery.
 39625 | Vaults:1 | Bought a potion of heal wounds for 110 gold pieces
 39625 | Vaults:1 | Bought a potion of mutation for 176 gold pieces
 39625 | Vaults:1 | Bought a potion of agility for 88 gold pieces
 39625 | Vaults:1 | Bought 2 potions of invisibility for 352 gold pieces
 39625 | Vaults:1 | Bought 2 potions of curing for 132 gold pieces
 39701 | Vaults:1 | Reached skill level 21 in Fighting
 39852 | Vaults:1 | Reached skill level 10 in Dodging
 39901 | Vaults:1 | Found a white marble altar of Elyvilon.
 39901 | Vaults:1 | Found a glowing golden altar of the Shining One.
 39919 | Vaults:1 | Found a glowing silver altar of Zin.
 40003 | Vaults:1 | Received a gift from Trog
 40129 | Vaults:1 | Identified the +5 shield "Zighe" {+Blink MR+ Dex-3}
 40129 | Vaults:1 | Noticed Donald
 40137 | Vaults:1 | Killed Donald
 40697 | Elf:2    | Bought a glowing plate armour for 832 gold pieces
 41004 | Vaults:2 | Reached XP level 21. HP: 205/205 MP: 21/21
 41018 | Vaults:2 | Reached skill level 20 in Armour
 41232 | Vaults:2 | Found Kourioc's Distillery.
 41237 | Vaults:2 | Bought a potion of heal wounds for 90 gold pieces
 41250 | Vaults:2 | Received a gift from Trog
 41251 | Vaults:2 | Reached skill level 11 in Dodging
 41570 | Vaults:2 | Noticed Mara
 41585 | Vaults:2 | Noticed theanonym's illusion
 41593 | Vaults:2 | Killed Mara
 41593 | Vaults:2 | Reached skill level 22 in Fighting
 41732 | Vaults:2 | Received a gift from Trog
 41897 | Vaults:2 | Received a gift from Trog
 42139 | Vaults:2 | Reached skill level 12 in Dodging
 42633 | Vaults:3 | Received a gift from Trog
 42894 | Vaults:3 | HP: 100/210 [stone giant/large rock (27)]
 42912 | Vaults:3 | HP: 92/315 [deep elf knight/stone arrow (5)]
 42918 | Vaults:3 | HP: 39/210 [stone giant (27)]
 43291 | Vaults:3 | Reached XP level 22. HP: 206/217 MP: 22/22
 43298 | Vaults:3 | Noticed Jory
 43302 | Vaults:3 | Reached skill level 23 in Fighting
 43319 | Vaults:3 | Killed Jory
 43601 | Vaults:3 | Received a gift from Trog
 43601 | Vaults:3 | Reached skill level 13 in Dodging
 43628 | Vaults:3 | theanonym: !lg . god=tso|mak win urune=5 s=god
 43628 | Vaults:3 | beem: One game for theanonym (god=tso|mak win urune=5):
                  | Makhleb
 43628 | Vaults:3 | theanonym: !lg . god=the|mak win urune=5 s=god
 43628 | Vaults:3 | beem: One game for theanonym (god=the|mak win urune=5):
                  | Makhleb
 43628 | Vaults:3 | theanonym: !lg . god=~the|mak win urune=5 s=god
 43628 | Vaults:3 | beem: No games for theanonym (god=~the|mak win urune=5).
 43628 | Vaults:3 | theanonym: !lg . god=~the|mak win urune=5 s=char,god
 43628 | Vaults:3 | beem: No games for theanonym (god=~the|mak win urune=5).
 43628 | Vaults:3 | theanonym: !lg . god=~mak win urune=5 s=char,god
 43628 | Vaults:3 | beem: One game for theanonym (god=~Makhleb win urune=5):
                  | VpFi (Makhleb)
 43628 | Vaults:3 | theanonym: !lg . god=~mak win urune=15 s=char,god
 43628 | Vaults:3 | beem: 9 games for theanonym (god=~Makhleb win urune=15): 3x
                  | DDFi (3x Makhleb), 2x GhFi (2x Makhleb), DsFi (Makhleb),
                  | GhMo (Makhleb), GrBe (Makhleb), MiGl (Makhleb)
 43628 | Vaults:3 | theanonym: !lg . god=~mak win urune=15 s=god
 43628 | Vaults:3 | beem: 9 games for theanonym (god=~Makhleb win urune=15): 9x
                  | Makhleb
 43628 | Vaults:3 | theanonym: !lg . god=~mak|tso win urune=15 s=god
 43628 | Vaults:3 | beem: No games for theanonym (god=~mak|tso win urune=15).
 43628 | Vaults:3 | theanonym: !lg . god=~mak|the win urune=15 s=god
 43628 | Vaults:3 | beem: No games for theanonym (god=~mak|the win urune=15).
 43628 | Vaults:3 | theanonym: !lg . god=~mak|shin win urune=15 s=god
 43628 | Vaults:3 | beem: No games for theanonym (god=~mak|shin win urune=15).
 43628 | Vaults:3 | theanonym: !lg . god=~shin win urune=15 s=god
 43628 | Vaults:3 | beem: 2 games for theanonym (god=~shin win urune=15): 2x
                  | The Shining One
 43628 | Vaults:3 | theanonym: !lg . god=~shin god=~mak win urune=15 s=god
 43628 | Vaults:3 | beem: No games for theanonym (god=~shin god=~Makhleb win
                  | urune=15).
 43628 | Vaults:3 | theanonym: !lg . god=mak win urune=15 s=god
 43628 | Vaults:3 | beem: 9 games for theanonym (god=mak win urune=15): 9x
                  | Makhleb
 43628 | Vaults:3 | theanonym: !lg . god=mak|shin win urune=15 s=god
 43628 | Vaults:3 | beem: 9 games for theanonym (god=mak|shin win urune=15): 9x
                  | Makhleb
 43628 | Vaults:3 | theanonym: !lg . god=shin win urune=15 s=god
 43628 | Vaults:3 | beem: No games for theanonym (god=shin win urune=15).
 43628 | Vaults:3 | theanonym: !lg . god=tso win urune=15 s=god
 43628 | Vaults:3 | beem: 2 games for theanonym (god=tso win urune=15): 2x The
                  | Shining One
 44063 | Vaults:3 | Found a staircase to the Crypt.
 44586 | Vaults:4 | Received a gift from Trog
 44964 | Vaults:4 | HP: 96/222 [flayed ghost/flay_damage[a death knight] (35)]
 44969 | Vaults:4 | HP: 49/222 [poisoned by a vault warden]
 45169 | Vaults:4 | Reached skill level 24 in Fighting
 45372 | Vaults:5 | Entered Level 5 of the Vaults
 45376 | Vaults:5 | Reached skill level 14 in Dodging
 45722 | Depths:1 | Entered Level 1 of the Depths
 45752 | Depths:1 | Found a one-way gate leading to the halls of Pandemonium.
 45815 | Depths:1 | Reached XP level 23. HP: 179/231 MP: 23/23
 45962 | Depths:1 | Found a gateway to Hell.
 45984 | Depths:1 | Received a gift from Trog
 46336 | Depths:1 | Found a portal to a secret trove of treasure.
 46578 | Depths:1 | Identified the ring "Payfuvie" {-Tele rC- rN+++ MP+9 SInv}
                  | (You found it on level 1 of the Depths)
 46978 | Depths:2 | Received a gift from Trog
 46999 | Depths:2 | Reached skill level 15 in Dodging
 47174 | Depths:2 | Reached skill level 25 in Fighting
 47180 | Depths:2 | Received a gift from Trog
 47522 | Depths:2 | Identified the Handbook of Creative Black Magic
 47582 | Depths:2 | Found a one-way gate to the infinite horrors of the Abyss.
 47723 | Depths:2 | Noticed a juggernaut
 47734 | Depths:2 | Killed a juggernaut
 47846 | Depths:2 | Identified the ring of the Ego {Ice Str+3}
 48040 | Depths:2 | Got a pair of warped gloves
 48066 | Depths:2 | Identified the +3 pair of gloves "Susadameo" {Regen+ Int+5
                  | Slay-4} (You found it on level 2 of the Depths)
 48323 | Depths:2 | Noticed a caustic shrike
 48336 | Depths:2 | Killed a caustic shrike
 48361 | Depths:2 | Received a gift from Trog
 48576 | Depths:2 | Reached XP level 24. HP: 241/244 MP: 23/23
 48996 | Depths:3 | Reached skill level 16 in Dodging
 49042 | Depths:3 | Reached skill level 26 in Fighting
 49042 | Depths:3 | HP: 178/367 [wizard/fireball (11)]
 49049 | Depths:3 | HP: 81/245 [spriggan defender/+3 lajatang of speed (6)]
 49054 | Depths:3 | HP: 117/245 [poisoned by a spriggan defender]
 49059 | Depths:3 | HP: 100/245 [poisoned by a spriggan defender]
 49064 | Depths:3 | HP: 83/245 [poisoned by a spriggan defender]
 49069 | Depths:3 | HP: 45/245 [poisoned by a spriggan defender]
 49074 | Depths:3 | HP: 47/245 [poisoned by a spriggan defender]
 49080 | Depths:3 | HP: 51/245 [poisoned by a spriggan defender]
 49085 | Depths:3 | HP: 52/245 [poisoned by a spriggan defender]
 49090 | Depths:3 | HP: 52/245 [poisoned by a spriggan defender]
 49097 | Depths:3 | HP: 54/245 [poisoned by a spriggan defender]
 49105 | Depths:3 | HP: 56/245 [poisoned by a spriggan defender]
 50077 | Depths:3 | Received a gift from Trog
 50343 | Depths:3 | Cast into level 2 of the Abyss (reaper)
 50346 | Abyss:2  | Found a corrupted altar of Lugonu.
 50367 | Abyss:2  | Found a corrupted altar of Lugonu.
 50710 | Abyss:3  | HP: 100/245 [flayed ghost/flay_damage (36)]
 50715 | Abyss:3  | HP: 48/245 [flayed ghost/flay_damage (26)]
 50882 | Abyss:3  | Reached skill level 17 in Dodging
 50974 | Abyss:3  | Received a gift from Trog
 50999 | Abyss:3  | Identified the ring "Doimuplusa" {Fire rElec rPois MP-9
                  | SInv}
 51062 | Abyss:3  | Reached skill level 21 in Armour
 51095 | Abyss:3  | Got a slimy bone ring
 51096 | Abyss:3  | Identified the ring "Cuefaac" {rF++ AC+3 Str+2} (You found
                  | it on level 3 of the Abyss)
 51182 | Abyss:4  | Found a corrupted altar of Lugonu.
 51191 | Abyss:5  | Entered Level 5 of the Abyss
 51191 | Abyss:5  | Entered Level 5 of the Abyss
 51331 | Abyss:5  | HP: 115/244 [wretched star/orb of energy (29)]
 51339 | Abyss:5  | HP: 111/244 [poison (dark miasma)]
 51344 | Abyss:5  | HP: 112/244 [small abomination (4)]
 51351 | Abyss:5  | Reached XP level 25. HP: 123/252 MP: 23/23
 51352 | Abyss:5  | HP: 125/252 [poison (dark miasma)]
 51512 | Abyss:5  | Received a gift from Trog
 51678 | Abyss:5  | Got an abyssal rune of Zot
 51775 | Abyss:5  | HP: 114/252 [tentacled starspawn (20)]
 51780 | Abyss:5  | HP: 80/252 [starcursed mass/accursed screaming (6)]
 51780 | Abyss:5  | Paralysed by accursed screaming for 1 turns
 51781 | Depths:3 | Escaped the Abyss
 51785 | Depths:3 | HP: 91/301 [wretched star/orb of energy (21)]
 52611 | Depths:4 | Reached skill level 22 in Armour
 52659 | Depths:4 | Received a gift from Trog
 52706 | Depths:4 | Reached skill level 18 in Dodging
 53220 | Depths:4 | HP: 188/378 [acid (7)]
 53225 | Depths:4 | HP: 151/378 [caustic shrike (4)]
 53231 | Depths:4 | HP: 99/378 [shadow dragon/bolt of negative energy (5)]
 53236 | Depths:4 | HP: 50/378 [caustic shrike (18)]
 53237 | Depths:4 | HP: 20/378 [caustic shrike (23)]
 53238 | Depths:4 | HP: 6/378 [shadow dragon (8)]
 53244 | Depths:4 | HP: 21/253 [caustic shrike (5)]
 53249 | Depths:4 | HP: 17/253 [golden dragon/bolt of cold (7)]
 53260 | Depths:4 | Reached XP level 26. HP: 58/261 MP: 23/23
 53265 | Depths:4 | HP: 63/261 [frost giant/bolt of cold (5)]
 53268 | Depths:4 | HP: 24/261 [shadow dragon/bolt of negative energy (28)]
 53521 | Depths:4 | Identified the Compendium of Displaced Shape Shifting
 53548 | Depths:4 | Reached skill level 23 in Armour
 53866 | Depths:5 | Entered Level 5 of the Depths
 53891 | Depths:5 | Reached skill level 19 in Dodging
 54032 | Depths:5 | Found a gateway to a ziggurat.
 54086 | Depths:5 | Found a gate to the Realm of Zot.
 54228 | Depths:5 | Received a gift from Trog
 54568 | Depths:5 | Noticed a juggernaut
 54595 | Depths:5 | Killed a juggernaut
 54797 | Depths:5 | Reached skill level 24 in Armour
 55201 | Zot:1    | Entered Level 1 of the Realm of Zot
 55226 | Depths:5 | Received a gift from Trog
 55516 | Zot:1    | HP: 129/261 [something/bolt of cold (16)]
 55523 | Zot:1    | HP: 119/261 [green draconian knight/bolt of cold (14)]
 55529 | Zot:1    | HP: 108/261 [green draconian knight/bolt of cold (15)]
 55535 | Zot:1    | HP: 103/261 [something (6)]
 55536 | Zot:1    | Reached XP level 27. HP: 106/269 MP: 23/23
 55540 | Zot:1    | HP: 75/269 [something/shard of ice (32)]
 55541 | Zot:1    | HP: 36/269 [something/shard of ice (41)]
 55790 | Zot:1    | Reached skill level 20 in Dodging
 56828 | Zot:2    | Received a gift from Trog
 56839 | Zot:2    | Noticed an orb of fire
 56847 | Zot:2    | Gained mutation: You are dopey. (Int -2) [an orb of fire]
 56866 | Zot:2    | Killed an orb of fire
 56866 | Zot:2    | Reached skill level 25 in Armour
 56878 | Zot:2    | HP: 134/269 [death cob (10)]
 56883 | Zot:2    | HP: 127/269 [electric golem/bolt of lightning (7)]
 57590 | Zot:3    | HP: 199/403 [death cob (15)]
 57596 | Zot:3    | HP: 119/269 [death cob (14)]
 57842 | Zot:3    | Reached skill level 21 in Dodging
 57952 | Zot:3    | Received a gift from Trog
 58099 | Zot:3    | HP: 132/269 [yellow draconian monk (18)]
 58564 | Zot:4    | Reached skill level 26 in Armour
 59241 | Zot:4    | Reached skill level 22 in Dodging
 59286 | Zot:4    | HP: 121/269 [??? (96)]
 59292 | Zot:4    | HP: 70/269 [??? (55)]
 59303 | Zot:4    | HP: 72/269 [quicksilver dragon/bolt of dispelling energy
                  | (16)]
 59723 | Zot:4    | Noticed an orb of fire
 59729 | Zot:4    | Gained mutation: You are weak. (Str -2) [an orb of fire]
 59731 | Zot:4    | Killed an orb of fire
 60164 | Vaults:5 | Received a gift from Trog
 60222 | Vaults:5 | Found Wossegusu's Antique Weapon Shoppe.
 60262 | Vaults:5 | Got a silver rune of Zot
 60353 | Vaults:5 | Reached skill level 23 in Dodging
 60490 | Vaults:5 | Identified the +6 lajatang "Ycatzi" {venom, MR+ Str+4
                  | Int+2}
 60492 | Vaults:5 | Noticed an ancient lich
 60509 | Vaults:5 | Killed an ancient lich
 60567 | Vaults:5 | Identified the +1 cloak of the Sea {Str+2 Int+3} (You found
                  | it on level 5 of the Vaults)
 60772 | Vaults:5 | Identified the amulet "Cituon" {Faith rF+ Dex+5 Stlth+}
 61066 | Vaults:5 | Received a gift from Trog
 61702 | Vaults:1 | Fell from the grace of Trog
 61702 | Vaults:1 | Became a worshipper of the Shining One
 61848 | Crypt:1  | Entered Level 1 of the Crypt
 61877 | Crypt:1  | Reached skill level 24 in Dodging
 61890 | Crypt:1  | Reached * piety under the Shining One
 61902 | Crypt:1  | Reached skill level 1 in Invocations
 61906 | Crypt:1  | Reached skill level 2 in Invocations
 61915 | Crypt:1  | Reached skill level 3 in Invocations
 61968 | Crypt:1  | Reached skill level 4 in Invocations
 61970 | Crypt:1  | HP: 113/269 [flayed ghost/flay_damage[a death knight] (43)]
 61976 | Crypt:1  | HP: 106/269 [flayed ghost[a death knight] (11)]
 61985 | Crypt:1  | Reached ** piety under the Shining One
 61988 | Crypt:1  | Noticed Frederick
 61999 | Crypt:1  | Killed Frederick
 61999 | Crypt:1  | Reached skill level 5 in Invocations
 62073 | Crypt:1  | Got a pair of bloodstained gloves
 62204 | Crypt:1  | Reached skill level 6 in Invocations
 62442 | Crypt:1  | Reached skill level 7 in Invocations
 62467 | Crypt:1  | Reached *** piety under the Shining One
 62668 | Crypt:1  | Identified the +0 pair of gloves of the Burgomaster {rPois
                  | MP-9 Dex+8} (You found it on level 1 of the Crypt)
 62818 | Crypt:2  | Reached skill level 8 in Invocations
 62823 | Crypt:2  | Reached **** piety under the Shining One
 63208 | Crypt:2  | Reached skill level 9 in Invocations
 63460 | Crypt:3  | Entered Level 3 of the Crypt
 63485 | Crypt:3  | HP: 100/269 [??? (64)]
 63493 | Crypt:3  | Reached ***** piety under the Shining One
 63493 | Crypt:3  | Reached skill level 10 in Invocations
 63566 | Crypt:3  | HP: 134/269 [phantasmal warrior[a curse skull] (13)]
 63667 | Crypt:3  | Paralysed by Trog for 3 turns
 63712 | Crypt:3  | Reached skill level 11 in Invocations
 63729 | Crypt:3  | Reached skill level 12 in Invocations
 63774 | Crypt:3  | Reached ****** piety under the Shining One
 63775 | Crypt:3  | Found an ancient bone altar of Kikubaaqudgha.
 63807 | Crypt:3  | Identified a +9 executioner's axe of holy wrath (a +7
                  | antimagic executioner's axe blessed by the Shining One)
 63807 | Crypt:3  | Received a gift from the Shining One
 63809 | Crypt:3  | Noticed an ancient lich
 63823 | Crypt:3  | Killed an ancient lich
 63823 | Crypt:3  | Reached skill level 13 in Invocations
 63842 | Crypt:3  | Identified Cigotuvi's Almanac of Evil Arts
 63901 | Crypt:3  | Got a wavering platinum amulet
 63901 | Crypt:3  | Got a wavering marble ring
 63902 | Crypt:3  | Identified the amulet "Mukkaez" {rN+ MR+ Regen+ Str+2} (You
                  | found it on level 3 of the Crypt)
 63903 | Crypt:3  | Identified the ring "Onko" {rPois rN+ MR- Int+6} (You found
                  | it on level 3 of the Crypt)
 63906 | Crypt:3  | Identified the ring of Past Mistakes {+Fly rF- rN+ Str+2
                  | Stlth+} (You found it on level 3 of the Crypt)
 64005 | Crypt:3  | Learned a level 1 spell: Apportation
 64008 | Crypt:3  | Learned a level 2 spell: Blink
 64014 | Crypt:3  | Learned a level 5 spell: Aura of Abjuration
 64021 | Crypt:3  | Learned a level 6 spell: Deflect Missiles
 64035 | Crypt:3  | Reached skill level 14 in Invocations
 64133 | Crypt:3  | Found a staircase to the Tomb.
 64236 | Crypt:3  | Reached skill level 15 in Invocations
 64285 | Crypt:3  | HP: 116/269 [??? (60)]
 64293 | Crypt:3  | HP: 94/269 [sea snake skeleton (6)]
 64381 | Crypt:3  | HP: 113/269 [stone giant[the rage of Trog] (47)]
 64854 | Crypt:3  | Reached skill level 16 in Invocations
 65026 | Crypt:3  | Upgraded the game from 0.24-a0-361-g57161393b2 to
                  | 0.24-a0-365-ga4d96b6e6e
 65350 | Pan      | Entered Pandemonium
 65360 | Pan      | Paralysed by Trog for 3 turns
 65552 | Pan      | Reached skill level 17 in Invocations
 65576 | Pan      | Noticed Huull the pandemonium lord
 65581 | Pan      | Gained mutation: Scrolls take you a little longer to read.
                  | [a cacodemon]
 65593 | Pan      | Killed Huull the pandemonium lord
 65616 | Pan      | Reached skill level 18 in Invocations
 65620 | Pan      | HP: 98/266 [??? (51)]
 65627 | Pan      | HP: 82/266 [??? (42)]
 65634 | Pan      | HP: 133/266 [poisoned by a green death (poison arrow)]
 65654 | Pan      | HP: 126/266 [Hell Sentinel/damnation (27)]
 65667 | Pan      | Found a runed translucent door.
 65681 | Pan      | Got a demonic rune of Zot
 65812 | Pan      | Reached skill level 19 in Invocations
 66018 | Pan      | Gained mutation: Your body sometimes deteriorates upon
                  | taking damage. [a cacodemon]
 66043 | Pan      | Reached skill level 20 in Invocations
 66072 | Pan      | Gained mutation: You are very weak. (Str -4) [a neqoxec]
 66081 | Pan      | Found an exit through the horrors of the Abyss.
 66234 | Pan      | Noticed Untit the pandemonium lord
 66254 | Pan      | HP: 130/269 [Untit the pandemonium lord (15)]
 66256 | Pan      | Killed Untit the pandemonium lord
 66259 | Pan      | HP: 106/269 [Brimstone Fiend/damnation (32)]
 66263 | Pan      | HP: 50/269 [??? (25)]
 66264 | Pan      | Took an exit into the Abyss.
 66264 | Abyss:1  | Escaped into the Abyss
 66268 | Abyss:1  | HP: 46/269 [tentacled starspawn (9)]
 66287 | Abyss:1  | HP: 91/269 [starcursed mass/accursed screaming (4)]
 66295 | Abyss:1  | HP: 91/269 [starcursed mass/accursed screaming (8)]
 66300 | Abyss:1  | HP: 72/269 [starcursed mass/accursed screaming (11)]
 66307 | Abyss:1  | HP: 50/269 [starcursed mass/accursed screaming (7)]
 66308 | Abyss:1  | Reached skill level 21 in Invocations
 66312 | Abyss:1  | HP: 33/269 [starcursed mass/accursed screaming (7)]
 66315 | Depths:1 | Escaped the Abyss
 66484 | Pan      | Entered Pandemonium
 66484 | Pan      | Found a white marble altar of Elyvilon.
 66500 | Depths:1 | Escaped Pandemonium
 66502 | Pan      | Entered Pandemonium
 66542 | Pan      | Found an exit through the horrors of the Abyss.
 66617 | Pan      | Identified the Handbook of Lucky Orientation
 66647 | Pan      | Learned a level 3 spell: Lesser Beckoning
 66651 | Pan      | Learned a level 3 spell: Spectral Weapon
 66681 | Pan      | Entered the realm of Gloorx Vloq.
 66717 | Pan      | Reached skill level 22 in Invocations
 66861 | Pan      | Reached skill level 23 in Invocations
 66899 | Pan      | Noticed Gloorx Vloq
 66906 | Pan      | HP: 124/266 [Executioner[Gloorx Vloq] (12)]
 66909 | Pan      | HP: 53/265 [Gloorx Vloq/foul vapour (9)]
 66912 | Pan      | Killed Gloorx Vloq
 66913 | Pan      | HP: 23/268 [poisoned by Gloorx Vloq (foul vapour)]
 67025 | Pan      | Got a dark rune of Zot
 67144 | Pan      | Found a transporter.
 67194 | Pan      | Noticed Imufaew the pandemonium lord
 67208 | Pan      | Killed Imufaew the pandemonium lord
 67224 | Pan      | HP: 118/269 [??? (61)]
 67243 | Pan      | HP: 129/269 [Brimstone Fiend/damnation (32)]
 67248 | Pan      | Reached skill level 24 in Invocations
 67428 | Pan      | Noticed Patet the pandemonium lord
 67436 | Pan      | HP: 110/269 [??? (57)]
 67441 | Pan      | HP: 98/269 [Patet the pandemonium lord (14)]
 67444 | Pan      | Killed Patet the pandemonium lord
 67446 | Pan      | HP: 130/269 [Brimstone Fiend/damnation (35)]
 67562 | Pan      | Reached skill level 25 in Invocations
 67581 | Pan      | Entered the realm of Cerebov.
 67724 | Pan      | Identified the +6 sword of Cerebov {flame}
 67724 | Pan      | Noticed Cerebov
 67749 | Pan      | Killed Cerebov
 67749 | Pan      | Reached skill level 26 in Invocations
 67761 | Pan      | Identified the Reference Book on Captivating Augmentations
 67765 | Pan      | Got a distressingly furry helmet
 67768 | Pan      | Identified the +2 helmet of the Unseen Realm {rN+ SInv}
                  | (You found it in Pandemonium)
 67864 | Pan      | Got a fiery rune of Zot
 68501 | Pan      | HP: 128/269 [stone giant[the rage of Trog] (39)]
 68502 | Pan      | HP: 56/269 [stone giant[the rage of Trog] (22)]
 68503 | Pan      | HP: 12/269 [stone giant[the rage of Trog] (16)]
 68505 | Pan      | Demolished by a stone giant

Vanquished Creatures
  Cerebov (Pan)
  Gloorx Vloq (Pan)
  2 ancient liches
  2 orbs of fire
  Mara (Vaults:2)
  2 juggernauts
  A Killer Klown (Zot:4)
  Saint Roka (Orc:2)
  Frederick (Crypt:1)
  4 pandemonium lords (Pan)
  7 golden dragons
  5 curse toes
  8 caustic shrikes
  A profane servitor (Abyss:1)
  Jory (Vaults:3)
  Nikola (Spider:2)
  2 Tzitzimimeh (Pan)
  6 bone dragons
  5 Brimstone Fiends (Pan)
  3 electric golems
  9 liches
  13 tentacled monstrosities
  An Ice Fiend (Pan)
  A deep elf master archer (Elf:3)
  2 Hell Sentinels (Pan)
  4 titans
  2 deep elf blademasters (Elf:3)
  A shard shrike skeleton (Crypt:2)
  4 sphinxes
  11 tentacled starspawn
  9 quicksilver dragons
  11 Executioners (Pan)
  11 death cobs
  9 shadow dragons
  5 ancient champions (Crypt:3)
  2 thorn hunters (Swamp:4)
  Gastronok (Lair:2)
  5 draconian monks
  A revenant (Crypt:3)
  9 storm dragons
  7 fire giants
  Kirke (Lair:6)
  10 tengu reavers
  Donald (Vaults:1)
  3 nagarajas (Depths:5)
  7 ghost moths
  5 iron dragons
  9 frost giants
  4 deep elf elementalists
  9 deep elf sorcerers
  2 orc warlords (Orc:2)
  5 curse skulls
  9 draconian shifters
  7 cacodemons
  5 draconian knights
  16 vault wardens
  17 balrugs
  2 draconian stormcallers
  7 draconian scorchers
  Aizul (Swamp:2)
  2 angels (Vaults:1)
  5 emperor scorpions
  7 draconian annihilators
  A warmonger (Pan)
  12 ghouls
  4 reapers
  33 stone giants
  6 spriggan defenders
  30 very ugly things
  24 ironheart preservers
  3 war gargoyles (Vaults:5)
  An apis (Pan)
  5 corrupters (Pan)
  An entropy weaver (Vaults:5)
  11 deep elf demonologists
  12 green draconians
  A blood saint (Pan)
  8 black suns (Pan)
  9 vampire knights
  12 white draconians
  9 deep elf annihilators
  13 black draconians
  9 lorocyprocas
  12 red draconians
  17 yellow draconians
  15 spark wasps
  11 purple draconians
  9 deep elf death magi
  10 ettins
  4 eidola (Crypt:3)
  A mummy priest (Crypt:3)
  4 green deaths (Pan)
  2 merfolk impalers (Depths:1)
  4 blizzard demons
  A quicksilver dragon zombie (D:15)
  A merfolk javelineer (Depths:1)
  16 fire dragons
  9 jiangshi
  7 deep elf high priests
  18 ogre magi
  17 yaktaur captains
  34 vault guards
  16 great orbs of eyes
  2 rakshasas (Depths:4)
  Harold (D:7)
  A naga warrior (Depths:5)
  12 ice dragons
  6 monstrous demonspawn
  A catoblepas (D:13)
  11 centaur warriors
  A quicksilver dragon skeleton (Crypt:3)
  The ghost of Ijustatesigmund the Basher, a journeyman OpFi (D:10)
  5 spriggan air magi
  An alligator snapping turtle (shapeshifter) (Vaults:5)
  5 death knights
  2 anacondas (shapeshifter)
  59 two-headed ogres
  15 hydras
  3 ghost crabs
  4 shambling mangroves
  11 alligators
  7 tengu warriors
  4 hell hogs (Abyss:5)
  3 anacondas (Depths:5)
  18 dancing weapons
  4 deep troll shamans
  10 deep troll earth magi
  2 spriggan berserkers
  5 orc high priests (Orc:2)
  3 thrashing horrors
  9 vampire magi
  A shock serpent (shapeshifter) (Depths:4)
  17 wretched stars
  13 soul eaters
  25 deep elf knights
  30 sun demons
  11 shadow wraiths
  2 titan skeletons (Crypt:3)
  44 skeletal warriors
  11 sixfirhies
  50 deep trolls
  An anaconda zombie (Crypt:3)
  10 hell knights
  2 iron trolls
  4 unseen horrors
  9 flayed ghosts
  2 spatial maelstroms
  9 swamp dragons
  6 torturous demonspawn
  2 glowing orange brains (Depths:4)
  17 ironbrand convokers
  A death drake (Abyss:5)
  2 spriggan druids
  A deep troll (shapeshifter) (Vaults:5)
  17 deep elf archers
  3 infernal demonspawn (Pan)
  12 shadow demons (Pan)
  7 wizards
  3 gelid demonspawn (Pan)
  A tengu skeleton (Vaults:5)
  20 orc knights
  10 phantasmal warriors
  A shadow dragon zombie (Vaults:3)
  A wolf spider zombie (D:15)
  5 necromancers
  63 deep elf magi
  A wolf spider (shapeshifter) (Depths:2)
  34 ugly things
  A lindwurm (Depths:5)
  2 golden dragon skeletons
  3 fire giant zombies
  A glowing shapeshifter (Vaults:4)
  15 orb spiders
  36 wolf spiders
  2 stone giant skeletons
  2 manticores (shapeshifter)
  2 manticores
  5 orc sorcerers
  2 shadow dragon skeletons
  20 cyclopes
  20 moths of wrath
  A stone giant zombie (D:15)
  2 human skeletons
  A fire giant skeleton (Crypt:3)
  An iron dragon skeleton (Crypt:3)
  2 spriggan zombies (D:15)
  A frost giant skeleton (Crypt:3)
  14 smoke demons
  2 apocalypse crabs
  Joseph (Lair:1)
  A gargoyle (D:13)
  2 torpor snails
  12 vault sentinels
  2 dire elephant skeletons
  8 black mambas
  9 orange demons
  A storm dragon simulacrum (Abyss:3)
  10 spiny frogs
  A shock serpent skeleton (Crypt:1)
  A guardian serpent (shapeshifter) (Abyss:5)
  2 ice statues
  7 guardian serpents
  An elephant slug zombie (Crypt:2)
  A death yak zombie (Crypt:1)
  A tormentor (Pan)
  An eye of devastation (shapeshifter) (Depths:2)
  51 yaktaurs
  6 kobold demonologists
  12 efreet
  A rime drake (Lair:6)
  The ghost of kaladindcss the Cudgeler, a novice GrMo (D:5)
  11 freezing wraiths
  13 komodo dragons
  32 demonic crawlers
  A swamp worm zombie (Crypt:1)
  A golden dragon simulacrum (IceCv)
  13 ice devils
  4 anaconda simulacra (IceCv)
  11 guardian mummies
  A purple draconian skeleton (Crypt:3)
  A white draconian skeleton (Crypt:3)
  10 hellwings
  3 tengu conjurers
  8 red devils (Pan)
  A catoblepas skeleton (Abyss:3)
  A sea snake skeleton (Crypt:3)
  6 ancient zymes
  23 jumping spiders
  2 queen bees
  9 meliai
  32 hornets
  A raiju (shapeshifter) (Depths:4)
  A slime creature (shapeshifter) (Vaults:5)
  11 trolls
  9 polar bears
  A frost giant simulacrum (Vaults:3)
  17 blink frogs
  2 wolf spider simulacra
  9 tyrant leeches
  A meliai zombie (D:14)
  32 slime creatures
  10 hippogriffs
  10 bog bodies
  35 large abominations
  A fire giant simulacrum (Vaults:5)
  7 raiju
  7 air elementals
  A black mamba zombie (Crypt:1)
  2 ettin skeletons
  2 ice dragon skeletons
  A spriggan (shapeshifter) (D:14)
  2 fire dragon skeletons (Crypt:3)
  4 dire elephant simulacra (IceCv)
  7 vampires
  49 redbacks
  4 shadows
  13 wraiths
  11 ynoxinuls
  12 flying skulls
  18 spriggans
  24 tarantellas
  A wyvern (shapeshifter) (Abyss:5)
  A yak (shapeshifter) (Vaults:2)
  15 fire bats
  5 wyverns
  28 yaks
  5 hogs (Lair:6)
  4 fire elementals
  2 hungry ghosts
  12 water elementals
  11 chaos spawn
  18 neqoxecs
  6 basilisks
  A torturous demonspawn zombie (Crypt:3)
  2 spatial vortices
  3 harpy simulacra (IceCv)
  4 insubstantial wisps (Swamp:1)
  16 nagas (Depths:5)
  17 vampire mosquitoes
  2 soldier ants
  11 wargs
  A deep troll zombie (Vaults:3)
  An iron troll simulacrum (IceCv)
  16 swamp worms
  A water nymph zombie (Crypt:1)
  2 acid dragons
  13 water moccasins
  4 hell hounds (Pan)
  Duvessa (D:7)
  9 porcupines
  4 hydra simulacra (IceCv)
  13 swamp drakes
  An infernal demonspawn skeleton (Crypt:2)
  A floating eye (Depths:3)
  54 orc warriors
  A spiny frog skeleton (Abyss:5)
  13 black bears
  A necrophage (Crypt:1)
  4 eyes of draining (Pan)
  5 phantoms
  An ice beast (D:10)
  2 ettin simulacra (IceCv)
  8 sky beasts
  An alligator simulacrum (IceCv)
  16 centaurs
  72 ogres
  An eye of draining (shapeshifter) (Depths:2)
  22 wolves
  19 boggarts
  A snapping turtle skeleton (Abyss:2)
  A dream sheep skeleton (Crypt:2)
  A manticore skeleton (Pan)
  9 crocodiles
  4 elf zombies (Elf:1)
  18 big kobolds
  20 bullfrogs
  A bullfrog (shapeshifter) (Depths:4)
  A gnoll sergeant (D:11)
  2 glowing shapeshifter simulacra (Vaults:3)
  2 earth elementals
  A cyclops zombie (Crypt:2)
  A water moccasin skeleton (Crypt:3)
  A wyvern skeleton (D:14)
  Dowan (D:7)
  11 small abominations
  12 killer bees
  6 scorpions
  2 elf simulacra
  A troll skeleton (Pan)
  3 wights (D:13)
  4 howler monkeys
  An electric eel (Spider:2)
  29 crimson imps
  5 draconian simulacra (IceCv)
  31 starcursed masses
  2 quasits
  2 bullfrog zombies
  2 centaur zombies
  13 jellies
  35 orc priests
  9 hounds
  3 human zombies
  4 bullfrog skeletons
  6 centaur skeletons
  12 iron imps
  4 iguanas
  A porcupine zombie (Crypt:1)
  25 orc wizards
  A basilisk skeleton (Crypt:1)
  14 worker ants
  2 troll simulacra (IceCv)
  2 hound zombies
  2 hound skeletons
  3 mummies (Ossuary)
  A worker ant zombie (D:7)
  6 gnolls
  A howler monkey skeleton (Crypt:2)
  2 naga simulacra (IceCv)
  16 adders
  3 ogre simulacra (IceCv)
  4 river rats (D:5)
  A steam dragon skeleton (Crypt:3)
  8 shadow imps
  27 white imps
  15 oozes
  3 ufetubi
  An adder zombie (D:5)
  7 worms
  4 dart slugs
  6 leopard geckos
  123 orcs
  6 spectral bats (Abyss:3)
  2 bat simulacra (Abyss:3)
  14 giant cockroaches
  6 goblins
  5 hobgoblins
  10 jackals
  21 kobolds
  4 quokkas
  2 ball pythons
  9 bats
  2 frilled lizards
  A gnoll zombie (Ossuary)
  5 goblin zombies
  5 hobgoblin zombies (Ossuary)
  2 kobold zombies (Ossuary)
  A quokka skeleton (D:5)
  5 rats
  A rat zombie (Crypt:3)
  7 briar patches (Swamp:4)
  A bush (Abyss:4)
  7 crawling corpses
  A demonic plant (Abyss:4)
  7 fungi
  10 plants
  15 starspawn tentacles
  2 withered plants (D:15)
3268 creatures vanquished.

Vanquished Creatures (collateral kills)
  A shadow dragon (Depths:4)
  2 sun demons (Pan)
  An infernal demonspawn (Pan)
  An orb spider (Spider:4)
  2 cyclopes (Pan)
  2 orange demons (Pan)
  4 red devils (Pan)
  A crocodile (Lair:6)
  2 crawling corpses (Elf:3)
16 creatures vanquished.

Vanquished Creatures (others)
  An eldritch tentacle (Pan)
  A spriggan defender (Depths:3)
  A green draconian (Zot:1)
  A large abomination (Abyss:5)
  A polar bear (Pan)
  3 flying skulls (Crypt:3)
  A redback (Spider:2)
  A tarantella (Spider:2)
  A naga (Depths:5)
  An ogre (Vaults:3)
  An adder (Depths:5)
  2 white imps (Depths:1)
  2 orcs
  A ball python (Depths:5)
  10 fungi
  2 plants (D:10)
  24 starspawn tentacles
  3 withered plants (D:15)
57 creatures vanquished.

Grand Total: 3341 creatures vanquished

Table legend:
 A = Turns spent in this place as a percentage of turns spent in the entire game.
 B = Non-inter-level travel turns spent in this place as a percentage of non-inter-level travel turns spent in the entire game.
 C = Inter-level travel turns spent in this place as a percentage of turns spent in this place.
 D = Turns resting spent in this place as a percentage of non-inter-level travel turns spent in this place.
 E = Turns spent auto-exploring this place as a percentage of non-inter-level travel turns spent in this place.
 F = Non-inter-level travel turns spent in this place divided by the number of levels of this place that you've seen.
                   A       B       C       D       E      F
               +-------+-------+-------+-------+-------+----------------------
         Total | 100.0 | 100.0 |   6.9 |  21.8 |  53.6 | 924.3
       Dungeon |  22.5 |  22.0 |   9.1 |  20.4 |  60.3 | 935.7
          Lair |   9.2 |   9.2 |   6.4 |  12.4 |  70.9 | 980.7
         Swamp |   6.7 |   6.8 |   5.8 |  32.5 |  45.5 | 1084.8
   Spider Nest |   5.6 |   5.7 |   3.7 |  38.3 |  40.5 | 915.2
  Orcish Mines |   4.4 |   4.1 |  14.4 |  14.7 |  58.1 | 1295.5
   Elven Halls |   7.2 |   7.2 |   6.4 |  17.8 |  61.3 | 1531.7
        Vaults |  12.4 |  12.1 |   9.0 |  16.7 |  57.1 | 1539.2
         Crypt |   4.8 |   4.9 |   5.6 |  13.3 |  60.5 | 1044.0
        Depths |  13.4 |  13.4 |   7.1 |  32.5 |  45.6 | 1711.0
           Zot |   5.6 |   5.7 |   4.5 |  30.3 |  41.6 | 910.8
         Abyss |   2.2 |   2.3 |   0.0 |   4.0 |  32.4 | 297.8
   Pandemonium |   4.3 |   4.6 |   0.0 |  12.3 |  34.8 | 266.6
       Ossuary |   0.5 |   0.6 |   0.0 |   0.0 |  75.5 | 376.0
      Ice Cave |   1.2 |   1.3 |   0.0 |  35.0 |  31.7 | 848.0
               +-------+-------+-------+-------+-------+----------------------
